 Dungeon Crawl Stone Soup version 0.29.1-13-g9f3cf754e1 (webtiles) character file.

Game seed: 707332588247465527

52 zlionsfan the Sneak (level 3, -2/29 HPs)
             Began as a Demonspawn Delver on Jan 28, 2023.
             Was an Initiate of Nemelex Xobeh.
             Killed from afar by an orc wizard (12 damage)
             ... with a puff of flame
             ... on level 1 of the Dungeon.
             The game lasted 00:05:09 (1346 turns).

zlionsfan the Sneak (Demonspawn Delver)             Turns: 1346, Time: 00:05:10

Health: -2/29      AC:  4    Str: 14    XL:     3   Next: 60%
Magic:  12/12      EV: 12    Int: 11    God:    Nemelex Xobeh [......]
Gold:   52         SH:  0    Dex: 14    Spells: 2/2 levels left

rFire   . . .      SeeInvis .   a - +0 hand axe
rCold   . . .      Faith    .   (no shield)
rNeg    . . .      Spirit   .   b - +0 leather armour
rPois   .          Reflect  .   (no helmet)
rElec   .          Harm     .   k - +0 cloak
rCorr   .          Rampage  .   (no gloves)
Will    .....                   (no boots)
Stlth   +.........              (no amulet)
HPRegen 0.09/turn               p - ring of magical power
MPRegen 0.13/turn               (no ring)

@: confused
A: claws 1, spiny 1
a: Renounce Religion, Draw Escape, Draw Destruction, Draw Summoning


You were on level 1 of the Dungeon.
You worshipped Nemelex Xobeh.
Nemelex Xobeh was noncommittal.
You visited 1 branch of the dungeon, and saw 5 of its levels.

You collected 93 gold pieces.
You spent 41 gold pieces at shops.

Inventory:

Hand Weapons
 a - a +0 hand axe (weapon)
Armour
 b - a +0 leather armour (worn)
 k - a +0 cloak (worn)
Jewellery
 p - a ring of magical power (left claw)
Wands
 g - a wand of digging (3)
Scrolls
 c - a scroll of fog
 d - a scroll of magic mapping
 e - a scroll of fear
 h - a scroll of summoning {unknown}
 i - 2 scrolls of teleportation
 n - a scroll of immolation {unknown}
 o - a scroll of enchant armour {unknown}
Potions
 f - a potion of haste
 j - a potion of lignification
 l - a potion of curing {unknown}
 m - 2 potions of brilliance


   Skills:
 * Level 3.2 Fighting
 * Level 2.2 Axes
 + Level 0.5 Armour
 + Level 2.1 Dodging
 + Level 5.0 Stealth
 * Level 0.5 Invocations


You had 2 spell levels left.
You didn't know any spells.
Your spell library was empty.

Dungeon Overview and Level Annotations

Branches:
Dungeon (5/15)
 Temple: D:4-7

Altars:
Nemelex Xobeh

Shops:
D:1 *?[*


Innate Abilities, Weirdness & Mutations

You have sharp fingernails.
You are partially covered in sharp spines.


Message History

You closely miss the orc wizard.
The orc shouts!
You hit the rat but do no damage.
The orc wizard is struck by your spines.
The orc wizard hits you with a +0 dagger.
The rat closely misses you.
The orc wizard hits you with a +0 dagger.
The orc hits you with a +0 hand axe. The rat misses you.
The orc barely misses you.
The orc wizard is struck by your spines.
The orc wizard hits you with a +0 dagger.
The orc completely misses you. The rat is struck by your spines.
You kill the rat!
You climb upwards.
There is a stone staircase leading down here.
You barely miss the orc wizard.
The orc wizard is heavily wounded.
You closely miss the orc. You hit the orc.
The orc wizard is struck by your spines.
The orc wizard barely misses you. The orc is struck by your spines.
The orc hits you with a +0 flail! The orc closely misses you.
You hit the orc wizard.
The orc wizard is almost dead.
You hit the orc but do no damage. You closely miss the orc.
The orc wizard hits you but does no damage.
The orc hits you with a +0 flail. The orc is struck by your spines.
The orc closely misses you.
You barely miss the orc wizard.
The orc wizard is almost dead.
You hit the orc. You closely miss the orc. The orc wizard casts a spell at you.
You are confused.
The orc closely misses you. The orc hits you but does no damage.
You closely miss the orc wizard.
The orc wizard is almost dead.
You closely miss the orc. You miss the orc.
The orc wizard gestures at you while chanting.
The puff of flame hits you!
You die...
Your body disappears without a glow.

.....####..#...#............###..
........#..#...#.........(.......
...............#.................
..............###................
?8............# #................
..............# #............)...
..............###................
..###..........oo...#####.##'#...
..# #..........o@.### #..'∩+...
### #∩........##### ####'#...
#.........# #..... #.........#
###### ###########


You could see an orc wizard and 2 orcs.

Vanquished Creatures
  3 dart slugs
  2 bats (D:1)
  8 endoplasms
  3 giant cockroaches (D:1)
  6 goblins
  3 hobgoblins
  A jackal (D:1)
  2 quokkas
  4 ball pythons
  2 frilled lizards
  2 kobolds
  4 rats
40 creatures vanquished.

Notes
Turn   | Place    | Note
-------+----------+-------------------------------------------
     0 | D:5      | zlionsfan the Demonspawn Delver began the quest for the
                  | Orb.
     0 | D:5      | Reached XP level 1. HP: 18/18 MP: 1/1
   162 | D:4      | Gained mutation: You are partially covered in sharp spines.
                  | [demonic ancestry]
   162 | D:4      | Reached XP level 2. HP: 19/24 MP: 2/2
   222 | D:3      | Found a sparkling altar of Nemelex Xobeh.
   230 | D:3      | Became a worshipper of Nemelex Xobeh the Trickster
   432 | D:1      | Found Ugeptoak's General Store.
   435 | D:1      | Bought a potion of degeneration for 11 gold pieces
   490 | D:1      | Found a faded altar of an unknown god.
   597 | D:1      | Discovered your monstrous ancestry.
   597 | D:1      | Gained mutation: You have sharp fingernails. [demonic
                  | ancestry]
   597 | D:1      | Reached XP level 3. HP: 29/29 MP: 3/3
   644 | D:1      | Found Finuvieh's General Store.
   707 | D:1      | Bought a scroll of noise for 10 gold pieces
   715 | D:1      | Found Tinyxup's Magic Scroll Emporium.
   722 | D:1      | Reached skill level 5 in Stealth
   748 | D:1      | Bought a scroll of identify for 20 gold pieces
  1025 | D:1      | Found Daaqoull's Antique Armour Shoppe.
  1346 | D:1      | Killed from afar by an orc wizard

Illustrated notes

Levels and vault maps discovered:
D:1:      dpeg_arrival_brainrot, layout_basic, ebering_ecumenical_altar_mist,
          serial_shops, nicolae_shop_statue_plus, shop,
          nicolae_shop_behind_doors, shop
D:2:      layout_loops_ring, basic_altar, chequers_serial_rivers_large_b
D:3:      layout_rooms, amcnicky_altar_gilded, fedhas_altar_3,
          chequers_temple_overflow_minitemple, old_standard_altar,
          mainiacjoe_overflow_six_doors_small, goddamned_bats
D:4:      layout_cave_pools, minmay_pentangle, uniq_ijyb
D:5:      layout_gridville, enter_ossuary_4, minmay_ruined_shrine

Skill      XL: |  1  2  3 |
---------------+----------+-----
Dodging        | 2 |  2.1
Axes           | 2 |  2.2
Stealth        | 5 |  5.0
Fighting       | |  3.2
Armour         | |  0.5
Invocations    | |  0.5

Action                   || total
-------------------------++-------
Melee: Hand axe          ||    77
       Punch             ||     2
  Use: Scroll            ||     3
 Stab: Sleeping          ||     7
Armor: Leather armour    ||    12
Dodge: Dodged            ||    45
